APP
OGDEN RAPTORS @ KINGSPORT METS
09/26/2047
 
TOP OF THE 1ST
Ogden Raptors batting - Pitching for Kingsport Mets : RHP Pat Sprague
Pitching: RHP Pat Sprague
Batting: LHB Nate Kee 0-0: Ball
1-0: Foul Ball, location: 2F
1-1: Swinging Strike
1-2: Strikes out swinging
Batting: RHB Tommy Hunter 0-0: Ground out 6-3 (Groundball, 6, EV 101.2 MPH)
Batting: LHB Tore Bosch 0-0: SINGLE (Line Drive, 78M, EV 110.6 MPH)
Batting: LHB Steve Pond 0-0: Ball
1-0: Foul Ball, location: 2F
1-1: Called Strike
1-2: Foul Ball, location: 2F
1-2: Ball
2-2: Ball
3-2: Foul Ball, location: 2F
3-2: Foul Ball, location: 2F
3-2: Foul Ball, location: 2F
3-2: Strikes out swinging
Top of the 1st over - 0 runs, 1 hit, 0 errors, 1 left on base; Ogden 0 - Kingsport 0
BOTTOM OF THE 1ST
Kingsport Mets batting - Pitching for Ogden Raptors : RHP Willie Alvarado
Pitching: RHP Willie Alvarado
Batting: RHB Michael Youngberry 0-0: Ball
1-0: Swinging Strike
1-1: Ball
2-1: Swinging Strike
2-2: Foul Ball, location: 2F
2-2: Strikes out swinging
Batting: RHB Enrique Aguirre 0-0: Ball
1-0: Called Strike
1-1: Ball
2-1: Foul Ball, location: 2F
2-2: Ball
3-2: Base on Balls
Batting: LHB Dan Bremseth 0-0: Called Strike
Enrique Aguirre steals 2nd base
0-1: Ball
1-1: Ball
2-1: Swinging Strike
2-2: Ball
3-2: Foul Ball, location: 2F
3-2: Fly out, F8 (Flyball, 8LM, EV 83.8 MPH)
Batting: RHB Mike Hanks 0-0: Swinging Strike
0-1: Ball
1-1: Foul Ball, location: 2F
1-2: Ground out 4-3 (Groundball, 4M, EV 90.6 MPH)
Bottom of the 1st over - 0 runs, 0 hits, 0 errors, 1 left on base; Ogden 0 - Kingsport 0
TOP OF THE 2ND
Ogden Raptors batting - Pitching for Kingsport Mets : RHP Pat Sprague
Batting: RHB Jerry Sanchez 0-0: Ball
1-0: Ball
2-0: Swinging Strike
2-1: Swinging Strike
2-2: Ground out 6-3 (Groundball, 6, EV 101.9 MPH)
Batting: RHB Jason Baldwin 0-0: Ball
1-0: Called Strike
1-1: Foul Ball, location: 2F
1-2: Foul Ball, location: 2F
1-2: Strikes out swinging
Batting: RHB Bob Magana 0-0: Ball
1-0: Ball
2-0: SINGLE (Line Drive, 78S, EV 99.4 MPH)
Batting: SHB Josh Vaill 0-0: Ball
1-0: Called Strike
1-1: Ground out 4-3 (Groundball, 4, EV 84.4 MPH)
Top of the 2nd over - 0 runs, 1 hit, 0 errors, 1 left on base; Ogden 0 - Kingsport 0
BOTTOM OF THE 2ND
Kingsport Mets batting - Pitching for Ogden Raptors : RHP Willie Alvarado
Batting: RHB Nate Henderson 0-0: Swinging Strike
0-1: Called Strike
0-2: Strikes out swinging, 2-3 out at first.
Batting: SHB Jerry Burrows 0-0: DOUBLE (Line Drive, 3D, EV 105.6 MPH)
Batting: RHB Jake Geib 0-0: Called Strike
0-1: Called Strike
0-2: Foul Ball, location: 2F
0-2: Ground out U3 (Groundball, 3S, EV 64.4 MPH)
Jerry Burrows to third
Batting: RHB Sam Callahan 0-0: Ground out 4-3 (Groundball, 4, EV 78.1 MPH)
Bottom of the 2nd over - 0 runs, 1 hit, 0 errors, 1 left on base; Ogden 0 - Kingsport 0
TOP OF THE 3RD
Ogden Raptors batting - Pitching for Kingsport Mets : RHP Pat Sprague
Batting: RHB Chad Rojas 0-0: Called Strike
0-1: Ball
1-1: Ball
2-1: Foul Ball, location: 2F
2-2: Strikes out swinging
Batting: LHB Nate Kee 0-0: Called Strike
0-1: TRIPLE (Flyball, 89XD, EV 100.6 MPH)
Batting: RHB Tommy Hunter 0-0: Called Strike
0-1: Foul Ball, location: 2F
0-2: Ball
1-2: Foul Ball, location: 2F
1-2: Ground out 5-3 (Groundball, 56S, EV 84.4 MPH)
Nate Kee scores
Batting: LHB Tore Bosch 0-0: Ball
1-0: Ball
2-0: Ball
3-0: Called Strike
3-1: Base on Balls
Batting: LHB Steve Pond 0-0: Ball
1-0: Ball
2-0: Ball
3-0: Called Strike
3-1: Base on Balls
Tore Bosch to second
Batting: RHB Jerry Sanchez 0-0: Ball
1-0: Ball
2-0: Foul Ball, location: 2F
2-1: SINGLE (Line Drive, 56D, EV 106.2 MPH)
Tore Bosch to third
Steve Pond to second
Runner from 3rd tries for Home, SAFE, throw by LF to home
Batting: RHB Jason Baldwin 0-0: Ball
1-0: Called Strike
1-1: Ball
2-1: Ball
3-1: Called Strike
3-2: Ground out 2-3 (Groundball, 2R, EV 66.2 MPH)
Top of the 3rd over - 2 runs, 2 hits, 0 errors, 2 left on base; Ogden 2 - Kingsport 0
BOTTOM OF THE 3RD
Kingsport Mets batting - Pitching for Ogden Raptors : RHP Willie Alvarado
Batting: RHB Warren Carmichael 0-0: Fly out, F7 (Flyball, 7LM, EV 91.2 MPH)
Batting: RHB Michael Youngberry 0-0: Ground out 3-1 (Groundball, 34S, EV 85.0 MPH)
Batting: RHB Enrique Aguirre 0-0: Foul Ball, location: 2F
0-1: SINGLE (Line Drive, 56D, EV 95.0 MPH)
Batting: LHB Dan Bremseth 0-0: Foul Ball, location: 2F
0-1: Ball
1-1: Ball
2-1: Called Strike
2-2: Foul Ball, location: 2F
2-2: Strikes out looking
Bottom of the 3rd over - 0 runs, 1 hit, 0 errors, 1 left on base; Ogden 2 - Kingsport 0
TOP OF THE 4TH
Ogden Raptors batting - Pitching for Kingsport Mets : RHP Pat Sprague
Batting: RHB Bob Magana 0-0: Foul Ball, location: 2F
0-1: Ball
1-1: Called Strike
1-2: Foul Ball, location: 2F
1-2: Ball
2-2: Ball
3-2: Ground out U3 (Groundball, 34S, EV 76.9 MPH)
Batting: SHB Josh Vaill 0-0: Ball
1-0: Ball
2-0: Ground out U3 (Groundball, 34S, EV 86.9 MPH)
Batting: RHB Chad Rojas 0-0: Called Strike
0-1: Ball
1-1: Ground out 3-1 (Groundball, 3D, EV 98.8 MPH)
Top of the 4th over - 0 runs, 0 hits, 0 errors, 0 left on base; Ogden 2 - Kingsport 0
BOTTOM OF THE 4TH
Kingsport Mets batting - Pitching for Ogden Raptors : RHP Willie Alvarado
Batting: RHB Mike Hanks 0-0: Called Strike
0-1: Ball
1-1: Foul Ball, location: 2F
1-2: Strikes out looking
Batting: RHB Nate Henderson 0-0: Swinging Strike
0-1: Foul Ball, location: 2F
0-2: Strikes out swinging
Batting: SHB Jerry Burrows 0-0: Ball
1-0: DOUBLE (Line Drive, 7LD, EV 107.5 MPH)
Batting: RHB Jake Geib 0-0: Foul Ball, location: 2F
0-1: Ball
1-1: Called Strike
1-2: Ball
2-2: Ball
3-2: Base on Balls
Batting: RHB Sam Callahan 0-0: Called Strike
0-1: Ball
1-1: Foul Ball, location: 2F
1-2: Ball
2-2: Strikes out looking
Bottom of the 4th over - 0 runs, 1 hit, 0 errors, 2 left on base; Ogden 2 - Kingsport 0
TOP OF THE 5TH
Ogden Raptors batting - Pitching for Kingsport Mets : RHP Pat Sprague
Batting: LHB Nate Kee 0-0: Ball
1-0: Ground out 4-3 (Groundball, 4, EV 101.2 MPH)
Batting: RHB Tommy Hunter 0-0: Ground out 5-3 (Groundball, 56, EV 108.1 MPH)
Batting: LHB Tore Bosch 0-0: SINGLE (Groundball, 34D, EV 95.6 MPH)
Batting: LHB Steve Pond 0-0: Ball
1-0: Foul Ball, location: 2F
1-1: Ball
2-1: 2-RUN HOME RUN (Flyball, 8RXD, EV 110.0 MPH), Distance : 439 ft
Batting: RHB Jerry Sanchez 0-0: Ground out 6-3 (Groundball, P, EV 79.4 MPH)
Top of the 5th over - 2 runs, 2 hits, 0 errors, 0 left on base; Ogden 4 - Kingsport 0
BOTTOM OF THE 5TH
Kingsport Mets batting - Pitching for Ogden Raptors : RHP Willie Alvarado
Batting: RHB Warren Carmichael 0-0: Foul Ball, location: 2F
0-1: Ball
1-1: SINGLE (Groundball, 6MD, EV 107.5 MPH)
Batting: RHB Michael Youngberry 0-0: Ball
1-0: Grounds into double play, 4-6-3 (Groundball, 34, EV 81.2 MPH)
Batting: RHB Enrique Aguirre 0-0: Fly out, F6 (Line Drive, 6, EV 68.8 MPH)
Bottom of the 5th over - 0 runs, 1 hit, 0 errors, 0 left on base; Ogden 4 - Kingsport 0
TOP OF THE 6TH
Ogden Raptors batting - Pitching for Kingsport Mets : RHP Pat Sprague
Batting: RHB Jason Baldwin 0-0: Ball
1-0: Ball
2-0: Ball
3-0: Base on Balls
Batting: RHB Bob Magana 0-0: Ball
1-0: Ball
2-0: Ground out 5-3 (Groundball, 56S, EV 65.0 MPH)
Jason Baldwin to second
Batting: SHB Josh Vaill 0-0: Ball
1-0: Swinging Strike
1-1: 2-RUN HOME RUN (Flyball, 89XD, EV 113.8 MPH), Distance : 421 ft
Pitching: LHP Matt Allert
Batting: RHB Chad Rojas 0-0: Called Strike
0-1: Swinging Strike
0-2: Ball
1-2: Ball
2-2: Strikes out swinging
Batting: LHB Nate Kee 0-0: Ball
1-0: Ball
2-0: Ball
3-0: Called Strike
3-1: Fly out, F9 (Flyball, 89S, EV 95.6 MPH)
Top of the 6th over - 2 runs, 1 hit, 0 errors, 0 left on base; Ogden 6 - Kingsport 0
BOTTOM OF THE 6TH
Kingsport Mets batting - Pitching for Ogden Raptors : RHP Willie Alvarado
Batting: LHB Dan Bremseth 0-0: Foul Ball, location: 2F
0-1: Ball
1-1: Called Strike
1-2: Ball
2-2: Ball
3-2: Foul Ball, location: 2F
3-2: Strikes out swinging
Batting: RHB Mike Hanks 0-0: Ball
1-0: Swinging Strike
1-1: Called Strike
1-2: Ball
2-2: Strikes out swinging, 2-3 out at first.
Batting: RHB Nate Henderson 0-0: Ball
1-0: Called Strike
1-1: Ball
2-1: Foul Ball, location: 2F
2-2: Ball
3-2: Foul Ball, location: 2F
3-2: SOLO HOME RUN (Flyball, 7D, EV 96.2 MPH), Distance : 373 ft
Batting: SHB Jerry Burrows 0-0: Called Strike
0-1: Ball
1-1: Ball
2-1: Foul Ball, location: 2F
2-2: Ball
3-2: Foul Ball, location: 2F
3-2: DOUBLE (Line Drive, 89D, EV 103.8 MPH)
Batting: RHB Jake Geib 0-0: Called Strike
0-1: Called Strike
0-2: Strikes out swinging
Bottom of the 6th over - 1 run, 2 hits, 0 errors, 1 left on base; Ogden 6 - Kingsport 1
TOP OF THE 7TH
Ogden Raptors batting - Pitching for Kingsport Mets : LHP Matt Allert
Batting: RHB Tommy Hunter 0-0: Fly out, F9 (Flyball, 89S, EV 95.6 MPH)
Batting: LHB Tore Bosch 0-0: Swinging Strike
0-1: Ball
1-1: Swinging Strike
1-2: Ball
2-2: DOUBLE (Groundball, 5L, EV 107.5 MPH)
Batting: LHB Steve Pond 0-0: SINGLE (Groundball, 56D, EV 103.8 MPH)
Tore Bosch to third
Runner from 3rd tries for Home, SAFE, throw by LF to home
Batting: RHB Jerry Sanchez 0-0: Ball
Wild Pitch!
Steve Pond to second
1-0: 2-RUN HOME RUN (Flyball, 7LD, EV 98.8 MPH), Distance : 371 ft
Pinch Hitting: SHB Jesus Gomez 0-0: Foul Ball, location: 2F
0-1: Ball
1-1: Ball
2-1: Foul Ball, location: 2F
2-2: Ball
3-2: Fly out, F4 (Popup, 4, EV 66.2 MPH)
Batting: RHB Bob Magana 0-0: Foul Ball, location: 2F
0-1: Ball
1-1: Foul Ball, location: 2F
1-2: Strikes out swinging
Top of the 7th over - 3 runs, 3 hits, 0 errors, 0 left on base; Ogden 9 - Kingsport 1
BOTTOM OF THE 7TH
Kingsport Mets batting - Pitching for Ogden Raptors : RHP Willie Alvarado
Now at 2B: Jerry Sanchez
Now at SS: Jesus Gomez
Batting: RHB Sam Callahan 0-0: Ground out 4-3 (Groundball, 4, EV 94.4 MPH)
Batting: RHB Warren Carmichael 0-0: Foul Ball, location: 2F
0-1: Foul Ball, location: 2F
0-2: Ball
1-2: Strikes out swinging
Batting: RHB Michael Youngberry 0-0: Called Strike
0-1: SINGLE (Groundball, 6M, EV 100.6 MPH) (infield hit)
Pitching: RHP Keith Birely
Batting: RHB Enrique Aguirre 0-0: Ball
1-0: Called Strike
1-1: Ball
Michael Youngberry steals 2nd base (no throw)
2-1: Ball
3-1: Foul Ball, location: 2F
3-2: Foul Ball, location: 2F
3-2: Base on Balls
Batting: LHB Dan Bremseth 0-0: Swinging Strike
0-1: Ball
1-1: Ground out 4-3 (Groundball, 4, EV 83.1 MPH)
Bottom of the 7th over - 0 runs, 1 hit, 0 errors, 2 left on base; Ogden 9 - Kingsport 1
TOP OF THE 8TH
Ogden Raptors batting - Pitching for Kingsport Mets : LHP Matt Allert
Batting: SHB Josh Vaill 0-0: Called Strike
0-1: Ground out 5-3 (Groundball, 5S, EV 71.2 MPH)
Batting: RHB Chad Rojas 0-0: Ball
1-0: Foul Ball, location: 2F
1-1: Swinging Strike
1-2: Ground out 5-3 (Groundball, 5S, EV 88.1 MPH)
Batting: LHB Nate Kee 0-0: Ball
1-0: Ball
2-0: Ball
3-0: Called Strike
3-1: Foul Ball, location: 2F
3-2: Strikes out looking
Top of the 8th over - 0 runs, 0 hits, 0 errors, 0 left on base; Ogden 9 - Kingsport 1
BOTTOM OF THE 8TH
Kingsport Mets batting - Pitching for Ogden Raptors : RHP Keith Birely
Pinch Hitting: RHB J.D. Brese 0-0: Ground out 5-3 (Groundball, 56, EV 85.0 MPH)
Batting: RHB Nate Henderson 0-0: Called Strike
0-1: Swinging Strike
0-2: Foul Ball, location: 2F
0-2: Ball
1-2: SOLO HOME RUN (Flyball, 9LD, EV 90.6 MPH), Distance : 328 ft
Batting: SHB Jerry Burrows 0-0: Ball
1-0: Foul Ball, location: 2F
1-1: Foul Ball, location: 2F
1-2: Ground out U3 (Groundball, 13, EV 83.1 MPH)
Batting: RHB Jake Geib 0-0: Foul Ball, location: 2F
0-1: Ball
1-1: Called Strike
1-2: Ball
2-2: Foul Ball, location: 2F
2-2: Strikes out swinging, 2-3 out at first.
Bottom of the 8th over - 1 run, 1 hit, 0 errors, 0 left on base; Ogden 9 - Kingsport 2
TOP OF THE 9TH
Ogden Raptors batting - Pitching for Kingsport Mets : LHP Matt Allert
Now at 1B: J.D. Brese
Pinch Hitting: RHB Justin Curran 0-0: Swinging Strike
0-1: Ball
1-1: Ball
2-1: Ground out 5-3 (Groundball, 56, EV 87.5 MPH)
Batting: LHB Tore Bosch 0-0: Ball
1-0: Ball
2-0: Ball
3-0: Base on Balls
Pitching: LHP Antonio Davila
Pinch Hitting: RHB Eddie Perry 0-0: Ball
1-0: Foul Ball, location: 2F
1-1: Ball
2-1: Ball
3-1: Base on Balls
Tore Bosch to second
Batting: RHB Jerry Sanchez 0-0: Ball
1-0: Ball
2-0: Foul Ball, location: 2F
2-1: Ball
Passed Ball!
Tore Bosch to third
Eddie Perry to second
3-1: Called Strike
3-2: Base on Balls
Batting: SHB Jesus Gomez 0-0: Called Strike
0-1: Called Strike
0-2: Ball
1-2: Foul Ball, location: 2F
1-2: Ball
2-2: Strikes out swinging
Batting: RHB Bob Magana 0-0: Foul Ball, location: 2F
0-1: Foul Ball, location: 2F
0-2: Foul Ball, location: 2F
0-2: Fly out, F9 (Flyball, 89M, EV 85.6 MPH)
Top of the 9th over - 0 runs, 0 hits, 0 errors, 3 left on base; Ogden 9 - Kingsport 2
BOTTOM OF THE 9TH
Kingsport Mets batting - Pitching for Ogden Raptors : RHP Keith Birely
Now at 1B: Eddie Perry
Now in LF: Justin Curran
Batting: RHB Sam Callahan 0-0: Called Strike
0-1: Swinging Strike
0-2: Ball
1-2: Ball
2-2: Ball
3-2: Base on Balls
Batting: RHB Warren Carmichael 0-0: Ball
Wild Pitch!
Sam Callahan to second
1-0: Foul Ball, location: 2F
1-1: Called Strike
1-2: Foul Ball, location: 2F
1-2: Fly out, F7 (Line Drive, 7S, EV 92.5 MPH)
Pitching: RHP Jared Wisham
Pinch Hitting: LHB Jeremy Moorehead 0-0: Ball
1-0: Called Strike
1-1: Ball
2-1: Foul Ball, location: 2F
2-2: Strikes out swinging
Batting: RHB Enrique Aguirre 0-0: DOUBLE (Line Drive, 78D, EV 105.0 MPH)
Sam Callahan scores
Batting: LHB Dan Bremseth 0-0: Ball
1-0: TRIPLE (Line Drive, 78XD, EV 106.2 MPH)
Enrique Aguirre scores
Batting: RHB J.D. Brese 0-0: Called Strike
0-1: Foul Ball, location: 2F
0-2: Foul Ball, location: 2F
0-2: Strikes out swinging
Bottom of the 9th over - 2 runs, 2 hits, 0 errors, 1 left on base; Ogden 9 - Kingsport 4
Thursday, December 15th , 2022 - OOTP Baseball 23.9 Build 102